 Dungeon Crawl Stone Soup version 0.20-a0-1040-gfd09691 (webtiles) character file.

25 winWinterter the Caller (level 3, -1/26 HPs)
             Began as a Barachi Summoner on Apr 23, 2017.
             Was an Initiate of Cheibriados.
             Slain by a rat (3 damage)
             ... on level 2 of the Dungeon.
             The game lasted 00:05:36 (1546 turns).

winWinterter the Caller (Barachi Summoner)          Turns: 1546, Time: 00:05:37

Health: -1/26      AC:  3    Str: 10    XL:     3   Next: 6%
Magic:  1/6        EV: 12    Int: 19    God:    Cheibriados [......]
Gold:   102        SH:  0    Dex: 13    Spells: 4/7 levels left

rFire    . . .     SeeInvis .   v - +0 spear
rCold    . . .     Gourm    .   (no shield)
rNeg     . . .     Faith    .   a - +0 robe
rPois    .         Spirit   .   (no helmet)
rElec    .         Reflect  .   o - +0 cloak
rCorr    .         Harm     .   (no gloves)
MR       .....                  (no boots)
Stlth    ++........             (no amulet)
Regen    0.1/turn               (no ring)
MPRegen  0.1/turn               (no ring)

@: lethally poisoned (-1 -> -4), very slow
A: +LOS, swims, clever 1, mutation resistance 1, screaming 1, slowness 1, strong
legs 1
a: Hop, Bend Time, Renounce Religion


You were on level 2 of the Dungeon.
You worshipped Cheibriados.
Cheibriados was noncommittal.
You were very hungry.

You visited 1 branch of the dungeon, and saw 3 of its levels.

You collected 102 gold pieces.

Inventory:

Hand Weapons
 f - a +0 dagger
 h - a +0 club
 q - a +3 hand axe
 v - a +0 spear (weapon)
Missiles
 d - 26 arrows
Armour
 a - a +0 robe (worn)
 o - a +0 cloak (worn)
Jewellery
 t - an uncursed ring of stealth {unknown}
 u - an uncursed ring of wizardry {unknown}
Scrolls
 e - a scroll of enchant armour {unknown}
 j - 3 scrolls of identify {unknown}
 l - a scroll of immolation {unknown}
 m - a scroll of remove curse {unknown}
 p - a scroll of blinking {unknown}
 s - a scroll of magic mapping {unknown}
 w - a scroll of recharging {unknown}
Potions
 n - a potion of flight {unknown}
Books
 b - a book of Callings

   Spells                             Type                      Level
   a - Summon Small Mammal            Summoning                    1
   b - Call Imp                       Summoning                    2
   c - Call Canine Familiar           Summoning                    3
   d - Summon Guardian Golem          Hexes/Summoning              3
   e - Summon Lightning Spire         Summoning/Air                4
   f - Summon Ice Beast               Ice/Summoning                4
Comestibles
 c - 2 bread rations
 k - 3 royal jellies
 r - a meat ration


   Skills:
 * Level 1.0 Fighting
 + Level 2.2 Dodging
 + Level 2.0 Stealth
 + Level 2.5 Spellcasting
 * Level 5.3 Summonings


You had 4 spell levels left.
You knew the following spells:

 Your Spells              Type           Power        Failure   Level  Hunger
a - Summon Small Mammal   Summ           ###.         1%          1    #......
b - Call Imp              Summ           ###.....     2%          2    ##.....


Dungeon Overview and Level Annotations

Branches:
Dungeon (3/15)

Altars:
Cheibriados

Annotations:
D:3 winWinterter's ghost, amateur BaSk


Innate Abilities, Weirdness & Mutations

Shadows flee at your approach. (+LOS)
You can swim through water.
You cover ground slowly.
You can hop short distances.
Your mind is acute. (Int +2)
You are somewhat resistant to further mutation.
You occasionally shout uncontrollably at your foes.


Message History

The adder is almost dead.
* * * LOW HITPOINT WARNING * * *
You feel sick.
The ball python hisses angrily.
The adder misses you. The rat bites you.
* * * LOW HITPOINT WARNING * * *
Your shadow imp hits the adder.
The adder dies!
Cheibriados thoroughly appreciates the change of pace.
Your Fighting skill increases to level 1!
Your Stealth skill increases to level 2!
You have reached level 3!
Your experience leads to an increase in your attributes!
Your base attributes are Str 9, Int 15, Dex 12.
Increase (S)trength, (I)ntelligence, or (D)exterity?
You feel clever.
It was a potion of mutation.
You feel extremely strange.
You feel the urge to shout.
You feel clever.
You feel genetically stable. The rat bites you.
You die...

#.#..#.##..............#
#.#.....#.)......##.##.#
#.##.#..#........##..#.#
#.##.#..#........###.#.#
#................###.#.#
#######.####.###.......# #.#
#.#######.### #.####..5...##.# #
#.....@r....##.# #
####.........##.####### ########
#.................)...# .....).#
#.##.##......##.#####.##
######.###.##....#######.#####r#.
# ##.#.##.#####.## #.##...... #
##.###.#.####.S.# #.##.##.#. #
#.## ##.........# #.##.##.##
##.###.##.###...# #.......#


You could see a ball python, a rat and a friendly shadow imp.

Vanquished Creatures
  A giant cockroach (D:2)
  A goblin (D:1)
  3 hobgoblins
  A kobold (D:2)
  2 rats
8 creatures vanquished.

Vanquished Creatures (collateral kills)
  An adder (D:2)
  An ooze (D:1)
  2 dart slugs (D:2)
  A leopard gecko (D:2)
  A goblin (D:1)
  2 hobgoblins
  A bat (D:1)
  2 kobolds
  A rat (D:1)
12 creatures vanquished.

Grand Total: 20 creatures vanquished

Notes
Turn   | Place    | Note
-------+----------+-------------------------------------------
     0 | D:1      | winWinterter the Barachi Summoner began the quest for the Orb.
     0 | D:1      | Reached XP level 1. HP: 13/13 MP: 3/3
    65 | D:1      | Reached skill level 5 in Summonings
   628 | D:1      | Reached XP level 2. HP: 17/20 MP: 0/5
   670 | D:1      | Learned a level 2 spell: Call Imp
   838 | D:2      | Found a snail-covered altar of Cheibriados.
   844 | D:2      | Became a worshipper of Cheibriados the Contemplative
  1533 | D:3      | Noticed winWinterter's ghost (amateur BaSk)
  1545 | D:2      | HP: 1/20 [rat (2)]
  1545 | D:2      | Reached skill level 1 in Fighting
  1545 | D:2      | Reached XP level 3. HP: 2/26 MP: 1/6
  1546 | D:2      | Gained mutation: You occasionally shout uncontrollably at your foes. [potion of mutation]
  1546 | D:2      | Gained mutation: Your mind is acute. (Int +2) [potion of mutation]
  1546 | D:2      | Gained mutation: You are somewhat resistant to further mutation. [potion of mutation]
  1546 | D:2      | Slain by a rat

Vault maps used:
D:1:      dpeg_arrival_castle, minivault_5
D:2:      overflow_temple_1_default, first_bread, kennysheep_generic_room_3
D:3:      nicolae_overflow_hidden_temple, lemuel_round_altar,
          chequers_ecumenical_altar_simple, uniq_jessica,
          uniq_crazy_yiuf_cottage, uniq_natasha, uniq_ijyb

Skill      XL: |  1  2 |
---------------+-------+-----
Summonings     | 5 |  5.3
Fighting       | 1 |  1.0
Stealth        | 2 |  2.0
Dodging        | |  2.2
Spellcasting   | |  2.5

Action                   || total
-------------------------++-------
Melee: Unarmed           ||    17
       Dagger            ||    10
       Spear             ||    16
       Hand axe          ||     3
 Cast: Summon Small Mamm ||    39
       Call Imp          ||     1
  Use: Potion            ||     3
 Stab: Sleeping          ||     1
  Eat: Chunk             ||     2
Armor: Robe              ||     8
Dodge: Dodged            ||    38
